 Dungeon Crawl Stone Soup version 0.29-a0-668-g12ee2bf84d (webtiles) character file.

Game seed: 12116930789788005536

34 happo123 the Vexing (level 3, -2/26 HPs)
             Began as a Formicid Arcane Marksman on June 23, 2022.
             Slain by a gnoll
             ... wielding a +0 club
              (8 damage)
             ... on level 2 of the Dungeon.
             The game lasted 00:08:05 (719 turns).

happo123 the Vexing (Formicid Arcane Marksman)       Turns: 719, Time: 00:08:06

Health: -2/26      AC:  3    Str: 14    XL:     3   Next: 50%
Magic:  2/5        EV:  6    Int: 14    God:
Gold:   85         SH:  0    Dex: 20    Spells: 4/5 levels left

rFire   . . .      SeeInvis +   a - +0 hunting sling
rCold   . . .      Faith    .   (no shield)
rNeg    . . .      Spirit   .   b - +0 robe
rPois   .          Reflect  +   (helmet unavailable)
rElec   .          Harm     .   k - +0 cloak
rCorr   .          Rampage  .   (no gloves)
Will    .....                   (no boots)
Stlth   ++........              e - amulet of reflection
HPRegen 0.08/turn               h - +6 ring of dexterity
MPRegen 0.09/turn               (no ring)

@: held
A: permanent stasis, dig shafts and tunnels, antennae 3, four strong arms
a: Dig, Shaft Self


You were on level 2 of the Dungeon.
You visited 1 branch of the dungeon, and saw 2 of its levels.

You collected 85 gold pieces.

Inventory:

Hand Weapons
 a - a +0 hunting sling (weapon)
 n - the +5 falchion of Earthquakes {flame, rPois}
   (You found it on level 2 of the Dungeon)

   It burns those it strikes, dealing additional fire damage.
   Big, fiery blades are also staple armaments of hydra-hunters.
   rPois:     It protects you from poison.
Armour
 b - a +0 robe (worn)
 k - a +0 cloak (worn)
Jewellery
 e - an amulet of reflection (around neck)
 h - a +6 ring of dexterity (left hand)
Scrolls
 c - a scroll of vulnerability
 g - a scroll of immolation {unknown}
 j - a scroll of enchant armour {unknown}
 l - 3 scrolls of identify {unknown}
 m - a scroll of acquirement {unknown}
Potions
 d - 2 potions of curing {unknown}
 f - a potion of berserk rage {unknown}
 i - a potion of cancellation {unknown}


   Skills:
 + Level 1.5 Fighting
 * Level 2.7 Slings
 + Level 0.2 Armour
 + Level 2.0 Dodging
 + Level 0.1 Stealth
 + Level 1.5 Spellcasting
 * Level 4.0 Hexes
 + Level 0.5 Summonings


You had 4 spell levels left.
You knew the following spells:

 Your Spells              Type           Power      Damage    Failure   Level
a - Slow                  Hex            48%        N/A       4%          1

Your spell library contained the following spells:

 Spells                   Type           Power      Damage    Failure   Level
 Summon Small Mammal      Summ           8%         N/A       21%         1
 Summon Guardian Golem    Hex/Summ       7%         N/A       28%         3
 Inner Flame              Hex/Fire       6%         N/A       32%         3
 Portal Projectile        Hex/Tloc       12%        N/A       32%         3
 Cause Fear               Hex            6%         N/A       43%         4
 Call Canine Familiar     Summ           2%         N/A       52%         3


Dungeon Overview and Level Annotations

Branches:
Dungeon (2/15)

Altars:

Shops:
D:2 !


Innate Abilities, Weirdness & Mutations

You cannot be hasted, slowed, berserked, paralysed or teleported.
You can dig through walls and to a lower floor.
You have a pair of large antennae on your head. (SInv)
Your four strong arms can wield two-handed weapons with a shield.


Message History

Aim: a gnoll, wielding a +0 whip (heavily wounded, 64% to hit)
You shoot a sling bullet. The sling bullet hits the gnoll.
The gnoll is severely wounded.
A gnoll comes into view. It is wielding a +0 club.
You block the gnoll's attack.
Fire: a) +0 hunting sling
Press: ? - help, Shift-Dir - straight line, f/p - gnoll
Aim: a gnoll, wielding a +0 whip (severely wounded, 64% to hit)
You shoot a sling bullet. The gnoll shouts!
The sling bullet hits the gnoll!
You kill the gnoll!
Your Dodging skill increases to level 2!
Aiming: Slow (safe; 4% risk of failure)
Press: ? - help, Q - select action, (/) - cycle Shift-Dir - straight line, f - gnoll
Aim: a gnoll, wielding a +0 spear and wearing a ring of fire (chance to affect: 60%)
The gnoll seems to slow down.
The gnoll hits you from afar with a +0 spear.
Fire: a) +0 hunting sling
Press: ? - help, Shift-Dir - straight line, f/p - gnoll
Aim: a gnoll, wielding a +0 spear and wearing a ring of fire (slow, 64% to hit)
You shoot a sling bullet.
The sling bullet barely misses the gnoll.
The gnoll throws a throwing net.
The throwing net hits you.
You become entangled in the net!
The gnoll hits you from afar with a +0 spear.
You cannot shoot with your hunting sling while held in a net.
You struggle against the net.
A frilled lizard comes into view.
The gnoll hits you from afar with a +0 spear.
You cannot shoot with your hunting sling while held in a net.
You struggle against the net.
You struggle against the net.
The gnoll barely misses you. The gnoll hits you with a +0 club.
You struggle against the net.
The frilled lizard hisses angrily.
The gnoll hits you from afar with a +0 spear.
* * * LOW HITPOINT WARNING * * *
The gnoll hits you with a +0 club!
You die...

#.............
#####......... {
#.......### {
####.....)..##
##..).........#
##.##..........#
##..##...........
##..###>.........#
{ ##@.##
#..........#
##g###
##.......<.#
###g.#
##.........#
#..g##
#..........# #l..#
#........... #.#.#
#......).... #...#
#.......†..# #.###
#..........# ..
##........#.


You could see 2 gnolls, a hobgoblin and a frilled lizard.

Vanquished Creatures
  A gnoll (D:2)
  2 dart slugs
  An endoplasm (D:1)
  A giant cockroach (D:1)
  3 goblins
  2 hobgoblins (D:2)
  2 ball pythons
  A bat (D:1)
  3 frilled lizards (D:1)
  A kobold (D:2)
  7 rats
24 creatures vanquished.

Notes
Turn   | Place    | Note
-------+----------+-------------------------------------------
     0 | D:1      | happo123 the Formicid Arcane Marksman began the quest for
                  | the Orb.
     0 | D:1      | Reached XP level 1. HP: 15/15 MP: 2/2
   133 | D:1      | Reached XP level 2. HP: 21/21 MP: 4/4
   351 | D:1      | Found a faded altar of an unknown god.
   351 | D:1      | Noticed a great orb of eyes
   353 | D:1      | Noticed an eye of devastation
   354 | D:1      | Noticed a shining eye
   354 | D:1      | Noticed a shining eye
   553 | D:2      | Found Aruahu's Distillery.
   603 | D:2      | Reached skill level 4 in Hexes
   603 | D:2      | Reached XP level 3. HP: 26/26 MP: 5/5
   677 | D:2      | Identified the +5 falchion of Earthquakes {flame, rPois}
   719 | D:2      | Slain by a gnoll

Illustrated notes

Levels and vault maps discovered:
D:1:      psy_arrival_conway, layout_rooms,
          hellmonk_ecumenical_altar_watching_god, serial_bayou_pond_e
D:2:      layout_rooms, serial_shops, nicolae_shop_statue_plus,
          kennysheep_donut, chequers_serial_rivers_small_b

Skill      XL: |  1  2  3 |
---------------+----------+-----
Hexes          | 4 |  4.0
Dodging        | 2 |  2.0
Fighting       | |  1.5
Slings         | |  2.7
Armour         | |  0.2
Stealth        | |  0.1
Spellcasting   | |  1.5
Summonings     | |  0.5

Action                   || total
-------------------------++-------
 Fire: Hunting sling     ||    44
 Cast: Slow              ||     9
Armor: Robe              ||     3
Dodge: Dodged            ||     9
Block: Other             ||     6

Table legend: (Time is in decaauts)
 A = Elapsed time spent in this place.
 B = Non-inter-level travel time spent in this place.
 C = Inter-level travel time spent in this place.
 D = Time resting spent in this place.
 E = Time spent auto-exploring this place.
 F = Levels seen in this place.
 G = Mean time per level.
                   A        B        C        D        E       F      G
               +--------+--------+--------+--------+--------+-----+--------+
         Total |    739 |    540 |    199 |      0 |    324 |   2 |  369.5 |
       Dungeon |    739 |    540 |    199 |      0 |    324 |   2 |  369.5 |
               +--------+--------+--------+--------+--------+-----+--------+

Top non-repeatable levels by time:
     D:1: 497 daAuts
     D:2: 241 daAuts
